 Dungeon Crawl Stone Soup version bcrawl-1.13.5 (webtiles) character file.

Game seed: 2632426225580225924

7815 Chiseanne the Nimble (level 11, -4/58 HPs)
             Began as a Spriggan Archaeologist on Aug 24, 2019.
             Was an Initiate of Gozag.
             Slain by a komodo dragon (7 damage)
             ... on level 1 of the Lair of Beasts.
             The game lasted 00:27:48 (12590 turns).

Chiseanne the Nimble (Spriggan Archaeologist)      Turns: 12590, Time: 00:27:49

Health: -4/58      AC: 27    Str: 10    XL:     11   Next: 1%
Magic:  0/19       EV:  4    Int: 16    God:    Gozag
Gold:   1024       SH:  0    Dex: 15    Spells: 10/10 levels left

rFire    + . .     SeeInvis +   s - +4 quarterstaff (chaos)
rCold    + . .     Gourm    .   (shield currently unavailable)
rNeg     + . .     Faith    .   f - +9 scales of the Dragon King {rPois rF+ rC+ MR+}
rPois    +         Spirit   +   c - +2 hat
rElec    .         Reflect  .   w - scarf {Spirit}
rCorr    .         Harm     .   (gloves unavailable)
MR       +++..                  (boots unavailable)
Stlth    ..........             (no amulet)
HPRegen  0.19/turn              i - ring of protection from magic
MPRegen  0.16/turn              G - ring of positive energy

@: very quick
A: very small, unfitting armour, see invisible, herbivore, speed 3, slow
metabolism 2
a: Potion Petition, Call Merchant, Bribe Branch, Renounce Religion


You were on level 1 of the Lair of Beasts.
You worshipped Gozag.
Gozag was most pleased with you.
You were not hungry.

You visited 2 branches of the dungeon, and saw 11 of its levels.

You collected 1669 gold pieces.
You paid 645 gold pieces to Gozag.

Inventory:

Hand Weapons
 a - a +4 rapier of speed
 s - a +4 quarterstaff of chaos (weapon)
 y - the +1 morningstar of Doom {freeze, rPois}
   (You found it on level 4 of the Dungeon)

   It has been specially enchanted to freeze those struck by it, causing extra
   injury to most foes and up to half again as much damage against particularly
   susceptible opponents.
   It can also slow down cold-blooded creatures.
   It protects you from poison.
Missiles
 h - 1177 sling bullets
 o - 1987 arrows
 p - 752 bolts
 r - 471 tomahawks
 u - 44 poisoned tomahawks (quivered)
Armour
 c - a +2 hat (worn)
 f - the +9 scales of the Dragon King (worn) {rPois rF+ rC+ MR+}

   It protects you from fire.
   It protects you from cold.
   It protects you from poison.
   It affects your resistance to hostile enchantments.
 w - a scarf of spirit shield (worn)
 x - a +1 cloak of invisibility
Jewellery
 i - a ring of protection from magic (left hand)
 q - a +2 ring of protection {unknown}
 G - a ring of positive energy (right hand)
Wands
 j - a wand of disintegration (5)
Scrolls
 b - a scroll of silence
 m - 2 scrolls of enchant armour
 v - 2 scrolls of magic mapping
 A - 4 scrolls of remove curse
 C - 4 scrolls of teleportation
 D - 3 scrolls of immolation
 H - a scroll of blinking
Potions
 d - 4 potions of curing
 e - a potion of cancellation
 k - a potion of mutation {unknown}
 l - 2 potions of ambrosia
 n - 3 potions of brilliance
 t - a potion of might {unknown}
 z - a potion of berserk rage
 B - 2 potions of invisibility
 E - a potion of flight
 F - a potion of resistance {unknown}
Comestibles
 g - 16 rations {!d}


   Skills:
 * Level 6.9 Fighting
 - Level 0.6 Maces & Flails
 * Level 8.2 Armour
 * Level 12.2 Dodging
 - Level 5.5 Stealth
 * Level 10.0 Evocations


You had 10 spell levels left.
You didn't know any spells.
Your spell library contained the following spells:

 Spells                   Type           Power        Failure   Level  Hunger
 Corona                   Hex            #......      100%        1    ##.....
 Shackle                  Hex            #.......     100%        2    ###....
 False Image              Hex/Summ       #.......     100%        3    ####...
 Inner Flame              Hex/Fire       N/A          100%        3    ####...
 Cause Fear               Hex            #.........   100%        4    #####..
 Yara's Violent Unravell  Hex/Tmut       #.........   100%        4    #####..


Dungeon Overview and Level Annotations

Branches:
Dungeon (10/12)            Temple (0/1) D:6            Lair (1/6) D:7
    Orc (0/1) D:8

Altars:
Cheibriados
Dithmenos
Elyvilon
Fedhas
Gozag
Hepliaklqana
Lugonu
Qazlal
Ru
Sif Muna
Uskayaw
Vehumet
Wu Jian
The Shining One

Shops:
D:7 (

Annotations:
D:3 cirnu's ghost, amateur VSCK


Innate Abilities, Weirdness & Mutations

You are very small and have problems with some larger weapons.
You are too small for most types of armour.
You have supernaturally acute eyesight. (SInv)
You are a herbivore.
You cover ground extremely quickly.
You need to consume almost no food.


Message History

Your scales of the Dragon King prevents you from hitting the komodo dragon.
The komodo dragon is moderately wounded.
The komodo dragon bites you!
Your scales of the Dragon King prevents you from hitting the komodo dragon.
The komodo dragon is heavily wounded.
The komodo dragon bites you! The komodo dragon bites you!!
* * * LOW HITPOINT WARNING * * *
You hit the komodo dragon.
The komodo dragon is heavily wounded.
The komodo dragon bites you but does no damage.
Your scales of the Dragon King prevents you from hitting the komodo dragon.
The komodo dragon is heavily wounded.
The komodo dragon hisses menacingly.
The komodo dragon bites you!!
* * * LOW HITPOINT WARNING * * *
You hit the komodo dragon but do no damage.
The komodo dragon is heavily wounded.
The komodo dragon bites you!
You die...
Your body crumbles into a pile of gold.

## ###.## ### .....#.
######.### ......#
#.#....#.#### ### ....... ..#
##..........###.# .......
.....###.............##
...............l@.............#
..............................#
..............................#
.(##..........................#
####..........................#
#..........................#
#.........).............##
#......................##
##...........[..........#


You could see a komodo dragon.

Vanquished Creatures
  A hydra (D:8)
  A cane toad (Lair:1)
  A komodo dragon (Lair:1)
  2 trolls
  Grinder (D:4)
  4 hippogriffs
  2 dream sheep (D:8)
  6 yaks
  A hungry ghost (D:8)
  A steam dragon (D:6)
  Menkaure (D:7)
  Duvessa (D:5)
  A water moccasin (D:9)
  A sky beast (D:5)
  An orc warrior (D:8)
  4 eyes of draining
  An ice beast (D:7)
  A black bear (D:6)
  A necrophage (D:6)
  4 ogres
  A phantom (D:6)
  3 centaurs
  2 crocodiles (Lair:1)
  2 big kobolds (D:8)
  3 bullfrogs
  Dowan (D:5)
  2 scorpions
  5 killer bees (D:8)
  A howler monkey (D:5)
  5 crimson imps
  A bullfrog zombie (D:5)
  A hound (D:8)
  A quasit (D:7)
  A jelly (D:6)
  2 orc priests
  Crazy Yiuf (D:3)
  A centaur skeleton (D:9)
  2 iguanas
  3 worker ants
  7 orc wizards
  Terence (D:3)
  A killer bee zombie (D:5)
  3 hound zombies
  A hound skeleton (D:9)
  Robin (D:3)
  A worker ant zombie (D:8)
  9 adders
  5 shadow imps
  A white imp (D:6)
  2 oozes (D:3)
  2 adder zombies
  An adder skeleton (D:4)
  3 worms
  A dart slug (D:1)
  5 leopard geckos
  27 orcs
  4 bats
  2 giant cockroaches
  15 hobgoblins
  14 jackals
  10 kobolds
  A quokka (D:3)
  A ball python (D:6)
  7 frilled lizards
  7 goblins
  A jackal zombie (D:5)
  A quokka zombie (D:6)
  5 rats
213 creatures vanquished.

Vanquished Creatures (others)
  A fungus (D:3)
1 creature vanquished.

Grand Total: 214 creatures vanquished

Notes
Turn   | Place    | Note
-------+----------+-------------------------------------------
     0 | D:1      | Chiseanne the Spriggan Archaeologist began the quest for
                  | the Orb.
     0 | D:1      | Reached XP level 1. HP: 9/9 MP: 2/2
    51 | D:1      | Reached skill level 5 in Stealth
    65 | D:1      | Reached skill level 1 in Fighting
    82 | D:1      | Reached XP level 2. HP: 4/14 MP: 3/3
   835 | D:1      | Reached skill level 5 in Dodging
  1283 | D:2      | Reached XP level 3. HP: 14/18 MP: 4/4
  1626 | D:2      | Reached skill level 1 in Armour
  1708 | D:2      | Reached XP level 4. HP: 13/22 MP: 5/5
  2520 | D:3      | Found an ornate altar of the Wu Jian Council.
  2603 | D:3      | Noticed Terence
  2662 | D:2      | Reached XP level 5. HP: 11/25 MP: 2/6
  2980 | D:3      | Found a transporter.
  2983 | D:3      | Noticed cirnu's ghost (amateur VSCK)
  3020 | D:3      | Found a transporter.
  3589 | D:3      | Noticed Robin
  3591 | D:3      | Killed Robin
  3605 | D:3      | Reached skill level 5 in Armour
  3717 | D:3      | Found a runed door.
  3721 | D:3      | Noticed Crazy Yiuf
  3722 | D:3      | Killed Crazy Yiuf
  3762 | D:3      | Killed Terence
  4253 | D:4      | Noticed Grinder
  4269 | D:4      | Paralysed by Grinder for 3 turns
  4276 | D:4      | Killed Grinder
  4276 | D:4      | Reached XP level 6. HP: 27/30 MP: 6/8
  4627 | D:4      | Reached skill level 6 in Dodging
  4627 | D:4      | Reached XP level 7. HP: 30/35 MP: 9/9
  4716 | D:4      | Got an ancient morningstar
  4718 | D:4      | Identified the cursed +1 morningstar of Doom {freeze,
                  | rPois} (You found it on level 4 of the Dungeon)
  4797 | D:4      | Found a glowing golden altar of the Shining One.
  5121 | D:5      | Entered Level 5 of the Dungeon
  5146 | D:5      | Noticed Duvessa
  5148 | D:5      | Noticed Dowan
  5166 | D:5      | Killed Duvessa
  5172 | D:5      | Killed Dowan
  5529 | D:5      | Reached skill level 7 in Dodging
  5597 | D:5      | Reached XP level 8. HP: 36/40 MP: 10/12
  5749 | D:5      | Found a hazy altar of Hepliaklqana.
  5845 | D:5      | Found a shadowy altar of Dithmenos.
  5846 | D:5      | Found a shimmering blue altar of Sif Muna.
  5847 | D:5      | Found a snail-covered altar of Cheibriados.
  5859 | D:5      | Found a blossoming altar of Fedhas.
  5865 | D:5      | Found an opulent altar of Gozag.
  5865 | D:5      | Found a radiant altar of Vehumet.
  5866 | D:5      | Found a stormy altar of Qazlal.
  5873 | D:5      | Became a worshipper of Gozag Ym Sagoz the Greedy
  6013 | D:5      | Reached skill level 5 in Evocations
  6900 | D:6      | Found a staircase to the Ecumenical Temple.
  7024 | D:6      | Reached skill level 8 in Dodging
  7256 | D:6      | Found a white marble altar of Elyvilon.
  7257 | D:6      | Found a corrupted altar of Lugonu.
  7645 | D:6      | Reached skill level 9 in Dodging
  7645 | D:6      | Reached XP level 9. HP: 26/46 MP: 7/14
  7952 | D:7      | Found a staircase to the Lair.
  8146 | D:7      | Noticed Menkaure
  8151 | D:7      | Killed Menkaure
  8379 | D:7      | Noticed a troll
  8398 | D:7      | Killed a troll
  8405 | D:7      | Reached skill level 5 in Fighting
  8972 | D:8      | Reached skill level 10 in Dodging
  9164 | D:8      | Found a sacrificial altar of Ru.
  9171 | D:8      | Found a staircase to the Orcish Mines.
  9309 | D:8      | Found a hide-covered altar of Uskayaw.
  9583 | D:8      | Reached XP level 10. HP: 36/53 MP: 13/17
  9801 | D:8      | Noticed a three-headed hydra
 10124 | D:8      | Killed a three-headed hydra
 10124 | D:8      | Reached skill level 11 in Dodging
 10696 | D:9      | Found a blossoming altar of Fedhas.
 11986 | D:9      | Reached skill level 12 in Dodging
 12072 | D:10     | Entered Level 10 of the Dungeon
 12072 | D:10     | Noticed a green ugly thing
 12187 | Lair:1   | Entered Level 1 of the Lair of Beasts
 12395 | Lair:1   | Noticed a cane toad
 12406 | Lair:1   | Killed a cane toad
 12446 | Lair:1   | Reached skill level 10 in Evocations
 12466 | Lair:1   | Reached XP level 11. HP: 58/58 MP: 19/19
 12589 | Lair:1   | HP: 2/58 [komodo dragon (14)]
 12590 | Lair:1   | Slain by a komodo dragon

Skill      XL: |  1  2  3  4  5  6  7  8  9 10 |
---------------+-------------------------------+-----
Stealth        | 5 |  5.5
Fighting       | 1 2 3 4 5 6 |  6.9
Dodging        | 5 6 7 9 10 12 | 12.2
Armour         | 2 4 5 6 7 8 |  8.2
Evocations     | 2 4 6 8 10 | 10.0
Maces & Flails | |  0.6

Action                   |  1- 3 |  4- 6 |  7- 9 | 10-12 || total
-------------------------+-------+-------+-------+-------++-------
Melee: Whip              |   141 |       |       |       ||   141
       Spear             |    56 |   351 |       |       ||   407
       Quarterstaff      |       |    25 |   414 |   171 ||   610
       Morningstar       |       |       |    16 |       ||    16
       Rapier            |       |       |    67 |     7 ||    74
Throw: Tomahawk          |       |    15 |    50 |    53 ||   118
Invok: Call Merchant     |       |       |     1 |       ||     1
Evoke: Wand              |       |     9 |     4 |     9 ||    22
  Use: Scroll            |     6 |     5 |    15 |     3 ||    29
       Potion            |       |       |     1 |       ||     1
 Stab: Sleeping          |    10 |     1 |       |       ||    11
       Paralysed         |       |       |     1 |       ||     1
       Petrified         |       |       |     8 |     3 ||    11
       Petrifying        |       |       |     2 |       ||     2
       Distracted        |       |       |     2 |       ||     2
       Confused          |       |       |     2 |       ||     2
  Eat: Ration            |       |     2 |     5 |       ||     7
Armor: Robe              |    34 |    12 |       |       ||    46
       Gold dragon scale |       |   303 |   565 |   230 ||  1098
Dodge: Dodged            |   199 |   188 |    38 |    42 ||   467
